 Dungeon Crawl Stone Soup version 0.22-b1-59-g0aedee734a (webtiles) character file.

102 3rdEnemy the Skirmisher (level 4, 0/39 HPs)
             Began as a Centaur Fighter on Aug 9, 2018.
             Slain by Natasha (6 damage)
             ... on level 2 of the Dungeon.
             The game lasted 00:02:53 (1380 turns).

3rdEnemy the Skirmisher (Centaur Fighter)           Turns: 1380, Time: 00:02:53

Health: 0/39       AC:  6    Str: 17 (19) XL:     4   Next: 49%
Magic:  4/4        EV:  5    Int:  4 (7)  God:
Gold:   22         SH:  8    Dex:  6 (9)  Spells: 3/3 levels left

rFire    . . .     SeeInvis .   a - +0 trident
rCold    . . .     Gourm    .   c - +0 shield
rNeg     . . .     Faith    .   b - +0 scale mail
rPois    .         Spirit   .   (no helmet)
rElec    .         Reflect  .   (no cloak)
rCorr    .         Harm     .   (no gloves)
MR       .....                  (no barding)
Stlth    ..........             (no amulet)
HPRegen  0.13/turn              (no ring)
MPRegen  0.09/turn              (no ring)

@: drained, very quick
A: large, hooves 3, deformed body, speed 2, tough skin 3
a: no special abilities


You were on level 2 of the Dungeon.
You were not hungry.

You visited 1 branch of the dungeon, and saw 2 of its levels.

You collected 22 gold pieces.

Inventory:

Hand Weapons
 a - a +0 trident (weapon)
Armour
 b - a +0 scale mail (worn)
 c - a +0 shield (worn)
Jewellery
 e - an uncursed ring of protection from magic {unknown}
 t - an uncursed ring of stealth {unknown}
Scrolls
 h - 3 scrolls of teleportation {unknown}
 j - a scroll of magic mapping {unknown}
 l - 4 scrolls of identify {unknown}
 m - 3 scrolls of enchant weapon {unknown}
 n - a scroll of enchant armour {unknown}
Potions
 d - a potion of might
 i - 2 potions of invisibility
 k - a potion of agility
 r - 3 potions of haste
 s - a potion of curing
 u - a potion of heal wounds {unknown}
 v - a potion of flight {unknown}
Comestibles
 f - 4 rations
 g - 3 chunks of flesh


   Skills:
 + Level 3.6(3.3) Fighting
 * Level 3.0(2.7) Polearms
 + Level 2.6(2.4) Armour
 + Level 2.6(2.3) Shields


You had 3 spell levels left.
You didn't know any spells.
Your spell library was empty.

Dungeon Overview and Level Annotations

Branches:
Dungeon (2/15)

Altars:
Ru
Vehumet

Annotations:
D:2 Jessica, Natasha, Robin


Innate Abilities, Weirdness & Mutations

You have hooves in place of feet.
Armour fits poorly on your strangely shaped body.
You cover ground very quickly.
You have extremely tough skin. (AC +3)


Message History

Natasha casts a spell.
The shadow imp hits you but does no damage.
Your shield and scale mail prevent you from hitting the hobgoblin.
Your kick misses the hobgoblin. The hobgoblin hits you with a club.
The crimson imp hits you but does no damage.
Natasha stares at you and mumbles some strange words.
You resist with some effort. The shadow imp barely misses you.
The crimson imp blinks!
You hit the hobgoblin. Your kick misses the hobgoblin.
The hobgoblin is almost dead.
The hobgoblin hits you with a club. You block Natasha's attack.
The shadow imp hits you but does no damage.
The white imp gestures at you. The puff of frost hits you!
* * * LOW HITPOINT WARNING * * *
The hobgoblin hits you but does no damage.
You hit the hobgoblin.
You kill the hobgoblin!
Natasha claws you.
You die...

##### . #.## # ....#
.##..# #.## ....# ....
... ....#########.g#
##.###
.<..'..........##.....##
....#.....###..#..5....#
#.###.###.###..#.......#
#+###+#........)..._....
............#..#@h.....#
.........)).#..#55.....#
............##.##.....##
g...........##.# ##.###
g...........##.. ...
#...........##### ##.
#.##........# .
#.##........#
#.##........#


You could see Natasha, a crimson imp, a white imp and a shadow imp.

Vanquished Creatures
  A gnoll (D:1)
  4 adders (D:2)
  A worm (D:2)
  A dart slug (D:1)
  A leopard gecko (D:2)
  A ball python (D:1)
  5 bats
  2 giant cockroaches
  10 goblins
  5 hobgoblins
  2 jackals (D:2)
  7 frilled lizards
  3 kobolds
  7 rats
50 creatures vanquished.

Notes
Turn   | Place    | Note
-------+----------+-------------------------------------------
     0 | D:1      | 3rdEnemy the Centaur Fighter began the quest for the Orb.
     0 | D:1      | Reached XP level 1. HP: 19/19 MP: 1/1
    65 | D:1      | Reached XP level 2. HP: 25/26 MP: 2/2
   292 | D:1      | Reached XP level 3. HP: 22/31 MP: 3/3
   782 | D:2      | Found a radiant altar of Vehumet.
   820 | D:2      | Reached XP level 4. HP: 18/38 MP: 4/4
  1059 | D:2      | Noticed Jessica
  1062 | D:2      | Noticed Robin
  1361 | D:2      | Found a sacrificial altar of Ru.
  1365 | D:2      | Noticed Natasha
  1380 | D:2      | Slain by Natasha

Skill      XL: |  1  2  3  4 |
---------------+-------------+-----
Polearms       | 2 3 |  3.0
Fighting       | |  3.6
Armour         | |  2.6
Shields        | |  2.6

Action                   |  1- 3 |  4- 6 || total
-------------------------+-------+-------++-------
Melee: Trident           |   114 |    55 ||   169
       Kick              |    16 |     4 ||    20
  Use: Potion            |       |     7 ||     7
 Stab: Invisible         |       |     1 ||     1
  Eat: Chunk             |       |     1 ||     1
Armor: Scale mail        |    41 |    39 ||    80
Dodge: Dodged            |    16 |    20 ||    36
Block: Shield            |    50 |    29 ||    79
